 Dungeon Crawl Stone Soup version 0.23-a0-370-gf497b7c (webtiles) character file.

35390 Dordric the Shatterer (level 13, -6/142 HPs)
             Began as a Minotaur Berserker on Oct 25, 2018.
             Was a High Priest of Trog.
             Mangled by Rupert
             ... wielding a +5 battleaxe of freezing
              (21 damage)
             ... on level 15 of the Dungeon.
             The game lasted 00:28:47 (11387 turns).

Dordric the Shatterer (Minotaur Berserker)         Turns: 11387, Time: 00:28:47

Health: -6/142     AC: 27    Str: 39    XL:     13   Next: 47%
Magic:  12/12      EV: 10    Int:  4    God:    Trog [*****.]
Gold:   822        SH:  0    Dex: 14    Spells: 12/12 levels left

rFire    + . .     SeeInvis .   W - +9 great mace (protect)
rCold    . . .     Gourm    .   (shield currently unavailable)
rNeg     . . .     Faith    .   j - +1 plate armour {rF+}
rPois    .         Spirit   .   (helmet restricted)
rElec    .         Reflect  .   O - scarf {repulsion}
rCorr    .         Harm     .   V - +1 pair of gloves
MR       .....                  N - +0 pair of boots
Stlth    ..........             y - amulet of regeneration
HPRegen  0.73/turn              L - +6 ring of strength
MPRegen  0.13/turn              S - +5 ring of strength

@: berserking, protection aura, repel missiles, very quick
A: retaliatory headbutt, horns 2
a: Berserk, Trog's Hand, Brothers in Arms, Renounce Religion


You were on level 15 of the Dungeon.
You worshipped Trog.
Trog was extremely pleased with you.
You were hungry.

You visited 1 branch of the dungeon, and saw 15 of its levels.

You collected 1097 gold pieces.
You spent 275 gold pieces at shops.

Inventory:

Hand Weapons
 a - a +3 morningstar of protection
 K - a +2 whip of flaming
 P - a +0 whip of electrocution
 Q - a +1 whip of venom
 W - a +9 great mace of protection (weapon)
Armour
 j - a +1 plate armour of fire resistance (worn)
 N - a +0 pair of boots (worn)
 O - a scarf of repulsion (worn)
 V - a +1 pair of gloves (worn)
Jewellery
 s - a +2 ring of dexterity
 x - an uncursed ring of flight
 y - an amulet of regeneration (around neck)
 B - an uncursed ring of poison resistance
 L - a +6 ring of strength (left hand)
 S - a +5 ring of strength (right hand)
Wands
 m - a wand of polymorph (5)
 p - a wand of iceblast (7)
 F - a wand of flame (35)
 J - a wand of enslavement (19)
 M - a wand of digging (12)
 Y - a wand of acid (9)
 Z - a wand of scattershot (8)
Scrolls
 e - 10 scrolls of remove curse
 h - 9 scrolls of teleportation
 i - 3 scrolls of enchant armour
 k - 4 scrolls of identify
 n - 4 scrolls of magic mapping
 o - 2 scrolls of enchant weapon
 t - 4 scrolls of amnesia
 u - 2 scrolls of fear
 z - a scroll of blinking {unknown}
 C - 2 scrolls of immolation
 H - 3 scrolls of noise {unknown}
 I - 2 scrolls of vulnerability
 R - 2 scrolls of random uselessness {unknown}
 T - 2 scrolls of torment
 U - a scroll of brand weapon {unknown}
Potions
 b - 2 potions of cancellation {unknown}
 d - a potion of flight
 f - a potion of ambrosia
 l - a potion of agility
 q - 3 potions of haste
 r - 6 potions of heal wounds
 v - 5 potions of lignification {unknown}
 w - a potion of might {unknown}
 A - 2 potions of invisibility {unknown}
 D - a potion of degeneration {unknown}
 E - 4 potions of curing
 X - a potion of resistance {unknown}
Comestibles
 c - 19 rations
 g - 4 chunks of flesh


   Skills:
 - Level 3.6 Fighting
 - Level 22.1 Maces & Flails
 + Level 12.8 Armour
 - Level 2.1 Dodging


You had 12 spell levels left.
You didn't know any spells.
Your spell library contained the following spells:

 Spells                   Type           Power        Failure   Level  Hunger
 Corona                   Hex            #......      93%         1    ##.....
 Ensorcelled Hibernation  Hex/Ice        #.....       98%         2    ###....
 Confuse                  Hex            #.......     100%        3    ####...
 Dazzling Spray           Conj/Hex       #.....       100%        3    ####...
 Tukima's Dance           Hex            #.......     100%        3    ####...


Dungeon Overview and Level Annotations

Branches:
Dungeon (15/15) Temple (0/1) D:5 Lair (0/6) D:11 Orc (0/2) D:12 Vaults (0/5) D:13 D:14 Depths (0/5) D:15

Altars:
Ashenzari
Cheibriados
Dithmenos
Fedhas
Gozag
Hepliaklqana
Makhleb
Nemelex Xobeh
Xom

Shops:
D:4 [   D:10 }   D:12 [   D:13 (!

Annotations:
D:15 Agnes, Rupert


Innate Abilities, Weirdness & Mutations

You reflexively headbutt those who attack you in melee.
You have a pair of horns on your head.


Message History

You hit Rupert.
Rupert is almost dead.
Agnes the Wanderer comes into view.
She is wielding a +5 vampiric lajatang.
You barely miss Rupert. You headbutt Rupert.
Rupert is almost dead.
Agnes says, "I despise a dishonourable opponent."
Rupert roars madly and goes into a rage!
Rupert goes berserk!
You thump Rupert! You headbutt Rupert.
Rupert is almost dead.
Rupert hits you with a +5 battleaxe of freezing!!!
* * * LOW HITPOINT WARNING * * *
Rupert freezes you!
* * * LOW HITPOINT WARNING * * *
You are too injured to fight recklessly!
A red film seems to cover your vision as you go berserk!
You feel yourself moving faster!
You feel mighty!
You are feeling hungry.
Rupert hits you with a +5 battleaxe of freezing!!
You die...

#.....#........#
.#
#.....#........#
#.....#........#
#.....##########
#...........
#...........
####.......#
#.......#
#@......#
#@......#
#.......#
#i.......
.........
...###### ...#
#...#


You could see Rupert (berserk) and Agnes.

Vanquished Creatures
  Azrael (D:13)
  Fannar (D:12)
  A yaktaur captain (D:15)
  A hydra (D:11)
  5 centaur warriors
  Erica (D:8)
  3 two-headed ogres
  Urug (D:14)
  4 skeletal warriors (D:13)
  2 unseen horrors
  A wolf spider zombie (D:15)
  Pikel (D:8)
  2 ugly things
  A necromancer (D:9)
  3 cyclopes
  An elephant (D:11)
  Joseph (D:8)
  Psyche (D:8)
  A centaur skeleton (D:15)
  A gargoyle (D:14)
  A komodo dragon (D:12)
  A yaktaur (D:15)
  A kobold demonologist (D:13)
  2 ice devils (D:11)
  A tengu conjurer (D:13)
  A troll (D:10)
  The ghost of barkas the Chopper, an amateur DsMo (D:3)
  Prince Ribbit (D:5)
  6 slime creatures
  2 hippogriffs (D:7)
  Sigmund (D:2)
  7 yaks (D:11)
  A wraith (D:15)
  A fire elemental (D:13)
  A vampire (D:15)
  A human (shapeshifter) (D:14)
  3 wyverns
  A hungry ghost (D:9)
  Menkaure (D:5)
  16 humans
  A basilisk (D:11)
  A warg (shapeshifter) (D:13)
  2 hell hounds (D:13)
  A water moccasin (D:7)
  A hornet zombie (D:13)
  5 ice beasts
  3 slaves (D:8)
  2 eyes of draining
  3 phantoms
  8 orc warriors
  5 sky beasts
  10 ogres
  7 centaurs
  3 black bears
  A crocodile (D:11)
  2 big kobolds
  A wyvern zombie (D:9)
  10 bullfrogs
  Blork the orc (D:5)
  A gnoll sergeant (D:9)
  A scorpion (D:14)
  19 wights
  17 killer bees
  4 howler monkeys
  5 crimson imps
  2 centaur zombies
  2 jellies (D:8)
  5 hounds
  A quasit (D:8)
  5 orc priests
  Jessica (D:2)
  Terence (D:2)
  3 iguanas
  7 orc wizards
  10 worker ants
  2 killer bee zombies
  A polar bear simulacrum (D:9)
  3 worker ant zombies
  14 gnolls
  10 adders
  4 shadow imps
  An adder skeleton (D:4)
  3 worms
  A dart slug (D:1)
  6 leopard geckos
  37 orcs
  A ball python (D:2)
  6 bats
  7 giant cockroaches
  7 goblins
  3 hobgoblins
  7 jackals
  22 kobolds
  4 quokkas
  7 frilled lizards
  2 jackal skeletons
  3 rats
  A river rat simulacrum (D:9)
386 creatures vanquished.

Vanquished Creatures (collateral kills)
  A hydra (D:13)
  An unseen horror (D:13)
  A centaur skeleton (D:13)
  A kobold demonologist (D:13)
  A tengu conjurer (D:13)
  A basilisk (D:13)
  A fire elemental (D:13)
  An acid dragon (D:13)
  3 hell hounds (D:13)
  An ice beast (D:13)
  A centaur (D:13)
  2 bullfrogs (D:13)
  A wight (D:13)
  An orc priest (D:13)
  An orc (D:13)
18 creatures vanquished.

Vanquished Creatures (others)
  A fungus (D:11)
  A plant (D:11)
2 creatures vanquished.

Grand Total: 406 creatures vanquished

Notes
Turn   | Place    | Note
-------+----------+-------------------------------------------
     0 | D:1      | Dordric the Minotaur Berserker began the quest for the Orb.
     0 | D:1      | Reached XP level 1. HP: 19/19 MP: 0/0
    13 | D:1      | Reached skill level 4 in Maces & Flails
    44 | D:1      | Reached XP level 2. HP: 5/26 MP: 1/1
   596 | D:1      | Reached skill level 5 in Maces & Flails
   845 | D:2      | Noticed Sigmund
   851 | D:2      | Killed Sigmund
   851 | D:2      | Reached skill level 7 in Maces & Flails
   851 | D:2      | Reached XP level 3. HP: 31/31 MP: 2/2
   851 | D:2      | Reached XP level 4. HP: 39/39 MP: 3/3
   851 | D:2      | Reached XP level 5. HP: 45/45 MP: 4/4
   901 | D:2      | Noticed Terence
   910 | D:2      | Killed Terence
   910 | D:2      | Reached skill level 8 in Maces & Flails
  1005 | D:2      | Noticed Jessica
  1006 | D:2      | Reached ** piety under Trog
  1011 | D:2      | Killed Jessica
  1011 | D:2      | Reached XP level 6. HP: 51/51 MP: 5/5
  1050 | D:2      | Found a hazy altar of Hepliaklqana.
  1054 | D:2      | Found a burning altar of Makhleb.
  1056 | D:2      | Found a shimmering altar of Xom.
  1056 | D:2      | Found a shadowy altar of Dithmenos.
  1067 | D:2      | Found a shattered altar of Ashenzari.
  1457 | D:3      | Found a runed gate.
  1457 | D:3      | Found a runed gate.
  1457 | D:3      | Found a runed gate.
  1457 | D:3      | Noticed barkas's ghost (amateur DsMo)
  1475 | D:3      | Killed barkas's ghost
  1475 | D:3      | Reached skill level 9 in Maces & Flails
  1802 | D:3      | Reached XP level 7. HP: 45/57 MP: 6/6
  2035 | D:4      | Found a sparkling altar of Nemelex Xobeh.
  2037 | D:4      | Found a snail-covered altar of Cheibriados.
  2052 | D:4      | Reached *** piety under Trog
  2091 | D:4      | Reached skill level 10 in Maces & Flails
  2960 | D:4      | Found Fyijitwyat's Antique Armour Shoppe.
  3043 | D:5      | Entered Level 5 of the Dungeon
  3043 | D:5      | Noticed Blork the orc
  3054 | D:5      | Killed Blork the orc
  3130 | D:5      | Reached skill level 11 in Maces & Flails
  3207 | D:5      | Found a staircase to the Ecumenical Temple.
  3262 | D:5      | Noticed Menkaure
  3268 | D:5      | Killed Menkaure
  3268 | D:5      | Reached XP level 8. HP: 42/64 MP: 7/7
  3466 | D:5      | Noticed Prince Ribbit
  3497 | D:5      | Killed Prince Ribbit
  3497 | D:5      | Reached skill level 12 in Maces & Flails
  3828 | D:6      | Reached **** piety under Trog
  3916 | D:6      | Reached skill level 13 in Maces & Flails
  4321 | D:6      | Reached XP level 9. HP: 69/70 MP: 8/8
  4348 | D:6      | Reached skill level 14 in Maces & Flails
  4631 | D:7      | Reached skill level 15 in Maces & Flails
  4645 | D:7      | Found an opulent altar of Gozag.
  4965 | D:8      | Noticed Pikel
  4981 | D:8      | Killed Pikel
  4981 | D:8      | Reached skill level 16 in Maces & Flails
  5041 | D:8      | Noticed Erica
  5057 | D:8      | Killed Erica
  5057 | D:8      | Reached skill level 5 in Armour
  5057 | D:8      | Reached XP level 10. HP: 60/77 MP: 9/9
  5290 | D:8      | Noticed Joseph
  5307 | D:8      | Killed Joseph
  5447 | D:8      | Noticed Psyche
  5454 | D:8      | Killed Psyche
  5636 | D:4      | Bought a pair of boots for 99 gold pieces
  5636 | D:4      | Bought an embroidered scarf for 176 gold pieces
  6134 | D:9      | Noticed a necromancer
  6142 | D:9      | Killed a necromancer
  6142 | D:9      | Reached skill level 10 in Armour
  6410 | D:10     | Entered Level 10 of the Dungeon
  6548 | D:10     | Reached ***** piety under Trog
  6585 | D:10     | Found Acraha's Gadget Emporium.
  6733 | D:10     | Reached XP level 11. HP: 82/82 MP: 10/10
  7215 | D:10     | Received a gift from Trog
  7291 | D:11     | Noticed a four-headed hydra
  7298 | D:11     | Killed a four-headed hydra
  7438 | D:11     | Reached skill level 17 in Maces & Flails
  7463 | D:11     | Noticed a cyan ugly thing
  7476 | D:11     | Killed a cyan ugly thing
  7479 | D:11     | Found a staircase to the Lair.
  7600 | D:11     | Killed an unseen horror
  7853 | D:11     | Found a blossoming altar of Fedhas.
  8100 | D:11     | Reached skill level 18 in Maces & Flails
  8176 | D:12     | Found Fabu's Armour Shoppe.
  8468 | D:12     | Noticed Fannar
  8473 | D:12     | Killed Fannar
  8701 | D:12     | Found a staircase to the Orcish Mines.
  8831 | D:12     | Killed an unseen horror
  8831 | D:12     | Reached skill level 19 in Maces & Flails
  8831 | D:12     | Reached XP level 12. HP: 26/90 MP: 11/11
  9305 | D:13     | Found Idduv's Weapon Shoppe.
  9313 | D:13     | Noticed a seven-headed hydra
  9321 | D:13     | Killed a seven-headed hydra
  9321 | D:13     | Noticed a centaur warrior
  9335 | D:13     | Killed a centaur warrior
  9364 | D:13     | Noticed Azrael
  9375 | D:13     | Killed Azrael
  9376 | D:13     | Reached skill level 20 in Maces & Flails
  9478 | D:13     | Found Dunutid's Distillery.
  9478 | D:13     | Noticed a two-headed ogre
  9480 | D:13     | Killed a two-headed ogre
  9772 | D:13     | Received a gift from Trog
  9813 | D:13     | Reached skill level 21 in Maces & Flails
 10112 | D:14     | Found a gate to the Vaults.
 10112 | D:14     | Noticed Urug
 10112 | D:14     | Noticed a centaur warrior
 10112 | D:14     | Noticed a centaur warrior
 10112 | D:14     | Noticed a two-headed ogre
 10560 | D:14     | Reached XP level 13. HP: 95/95 MP: 12/12
 10573 | D:14     | Killed Urug
 10794 | D:14     | Reached skill level 22 in Maces & Flails
 11172 | D:15     | Entered Level 15 of the Dungeon
 11224 | D:15     | Found a staircase to the Depths.
 11376 | D:15     | Noticed Rupert
 11384 | D:15     | Noticed Agnes
 11387 | D:15     | Mangled by Rupert

Vault maps used:
D:1:      minmay_arrival_up_and_down, minmay_tromino_v2
D:2:      minmay_overflow_temple_star_hex, first_ration, uniq_jessica,
          uniq_sigmund, uniq_terence
D:3:      ebering_ghost_rock_garden
D:4:      chequers_temple_overflow_statue_of_worship, serial_shops, shop,
          kennysheep_opposing_triangles
D:5:      minmay_temple_entry_hall, uniq_prince_ribbit1, uniq_blork_the_orc,
          uniq_menkaure
D:7:      grunt_ogre_cave, nicolae_gozag_seed_capital
D:8:      uniq_erica, uniq_psyche, uniq_pikel, uniq_joseph
D:9:      eino_house_with_fridge
D:10:     serial_shops, nicolae_shop_behind_doors
D:11:     david_lair_generic, portal_ice_cave_demonic_guard, fedhas_altar_4
D:12:     orc_0_dummy, serial_shops, shop, special_room, uniq_fannar
D:13:     serial_shops, shop, shop, uniq_azrael
D:14:     david_vaults_3, kennysheep_minor_cross, lab_entry_generic
D:15:     grunt_enter_depths_snipers, old_standard_altar, serial_shops, shop,
          uniq_agnes, uniq_rupert

Skill      XL: |  1  2  3  4  5  6  7  8  9 10 11 12 13 |
---------------+----------------------------------------+-----
Maces & Flails | 4 7 8 9 11 13 16 19 21 22 | 22.1
Armour         | 5 11 12 | 12.8
Fighting       | |  3.6
Dodging        | |  2.1

Action                   |  1- 3 |  4- 6 |  7- 9 | 10-12 | 13-15 || total
-------------------------+-------+-------+-------+-------+-------++-------
Melee: Mace              |    38 |    62 |   314 |       |       ||   414
       Headbutt          |     3 |    10 |    86 |   151 |    32 ||   282
       Whip              |       |       |    12 |   256 |       ||   268
       Great mace        |       |       |       |   368 |    85 ||   453
Invok: Berserk           |     2 |     1 |     5 |    14 |     2 ||    24
       Trog's Hand       |       |       |     1 |     3 |     1 ||     5
       Brothers in Arms  |       |       |       |     2 |     1 ||     3
  Use: Potion            |       |     3 |       |       |       ||     3
       Scroll            |       |       |       |    16 |       ||    16
  Eat: Chunk             |       |     5 |    15 |    16 |     5 ||    41
       Ration            |       |       |       |     6 |       ||     6
Armor: Animal skin       |     6 |     4 |       |       |       ||    10
       Scale mail        |       |    11 |    39 |       |       ||    50
       Plate armour      |       |       |   113 |   512 |    37 ||   662
Dodge: Dodged            |    21 |    37 |   118 |   243 |    26 ||   445
       Deflected         |       |       |       |    22 |    12 ||    34

Table legend:
 A = Non-vault XP
 B = Vault XP
 C = Vault XP percentage of total XP
 D = Non-vault monster count
 E = Vault monster count
 F = Vault count percentage of total count
                 A         B        C        D         E       F
            +---------+---------+-------+---------+---------+-------
      Total |   31655 |   18903 |  37.4 |     324 |      77 |  19.2
            +---------+---------+-------+---------+---------+-------
        D:1 |      35 |       3 |   7.9 |      11 |       2 |  15.4
        D:2 |      70 |     300 |  81.1 |      13 |       3 |  18.8
        D:3 |      94 |     283 |  75.1 |      23 |       1 |   4.2
        D:4 |     161 |      34 |  17.4 |      16 |       2 |  11.1
        D:5 |     314 |     548 |  63.6 |       9 |       3 |  25.0
        D:6 |    1130 |       0 |   0.0 |      26 |       0 |   0.0
        D:7 |    1106 |     116 |   9.5 |      13 |       1 |   7.1
        D:8 |    1488 |    2411 |  61.8 |      28 |       4 |  12.5
        D:9 |     831 |     613 |  42.5 |      18 |       3 |  14.3
       D:10 |    2036 |       0 |   0.0 |      37 |       0 |   0.0
       D:11 |    5104 |    1635 |  24.3 |      34 |       6 |  15.0
       D:12 |    3253 |    1832 |  36.0 |      21 |      21 |  50.0
       D:13 |    9653 |    4825 |  33.3 |      57 |      22 |  27.8
       D:14 |    3533 |    3979 |  53.0 |      10 |       6 |  37.5
       D:15 |    2847 |    2324 |  44.9 |       8 |       3 |  27.3
            +---------+---------+-------+---------+---------+-------
